Map: Catalyst LE

Players

Snoxtar

  • Race: Zerg Zerg
  • Spawn Location: 11:00

Light - Winner!

  • Race: Protoss Protoss
  • Spawn Location: 5:00

Event: WCS Valencia 2018

VOD

Have the link to the VOD?

Description

Time

  • Played on: July 12, 2018, 7:56 a.m.
  • Length: 14:50

All games in this series

Show
View Real Time Build Order
Export as new Build Order

Snoxtar Zerg 

Build Orders: Hatch First, Lurkers, Muta Ling Bane 

Get SALT Encoding   

  12  0:00  Drone  
  13  0:12  Overlord  
  13  0:17  Drone  
  14  0:30  Drone x2  
  16  0:48  Hatchery  
  15  0:52  Drone  
  15  0:56  Drone  
  17  1:00  Drone  
  18  1:06  Extractor  
  17  1:15  Spawning Pool  
  16  1:18  Drone  
  16  1:22  Drone  
  18  1:28  Drone  
  19  1:39  Overlord  
  19  1:49  Drone  
  20  2:01  Drone x2  
  22  2:02  Queen x2  
  26  2:09  Metabolic Boost  
  26  2:12  Zergling x2  
  28  2:15  Drone  
  28  2:21  Drone  
  28  2:22  Drone  
  30  2:33  Drone x2  
  32  2:42  Hatchery  
  31  2:46  Zergling x4  
  33  2:54  Zergling x2  
  33  2:55  Zergling x2  
  35  3:04  Overlord  
  35  3:13  Spore Crawler  
  35  3:16  Drone  
  35  3:19  Drone  
  35  3:20  Drone  
  35  3:25  Spore Crawler, Drone x3  
  35  3:26  Drone x3  
  41  3:39  Overlord  
  41  3:40  Drone  
  41  3:49  Drone x2  
  41  3:55  Overlord x3  
  42  4:01  Drone x2  
  42  4:02  Evolution Chamber  
  43  4:03  Queen  
  45  4:10  Lair  
  45  4:13  Drone  
  45  4:14  Extractor, Drone x3  
  48  4:17  Drone  
  48  4:20  Drone  
  48  4:23  Spore Crawler  
  48  4:26  Queen  
  48  4:27  Roach Warren  
  48  4:29  Drone  
  50  4:32  Spore Crawler  
  50  4:35  Zerg Missile Weapons Level 1  
  50  4:37  Drone  
  50  4:45  Extractor, Drone x3  
  51  4:48  Zergling x6  
  51  4:52  Overlord  
  55  4:55  Drone x2  
  55  4:59  Zergling x2  
  59  5:00  Zergling x4  
  59  5:11  Glial Reconstitution  
  59  5:12  Drone x2  
  59  5:13  Drone x4  
  64  5:16  Roach  
  64  5:18  Roach  
  64  5:20  Overlord  
  68  5:24  Roach  
  68  5:26  Roach  
  72  5:30  Roach  
  72  5:31  Overlord  
  72  5:33  Overlord  
  74  5:36  Overlord  
  74  5:40  Roach x2  
  80  5:43  Roach  
  80  5:45  Roach  
  80  5:46  Drone  
  80  5:48  Overlord  
  81  5:50  Overlord  
  81  5:53  Drone x2  
  81  5:58  Roach x2  
  81  5:59  Overseer  
  81  6:01  Zergling x2  
  81  6:02  Zergling x2  
  87  6:06  Zergling x2  
  87  6:08  Ravager x3  
  87  6:10  Zergling x4, Roach x2  
  97  6:17  Zergling x10  
  102  6:20  Roach  
  102  6:24  Roach  
  102  6:25  Roach  
  108  6:26  Roach  
  110  6:33  Roach  
  110  6:34  Roach  
  110  6:35  Overlord  
  110  6:36  Roach  
  110  6:37  Roach  
  118  6:40  Roach  
  118  6:41  Roach  
  118  6:42  Zergling x2  
  118  6:44  Zergling x4  
  118  6:45  Zergling x2  
  119  6:47  Zergling x2  
  119  6:48  Zergling x4  
  119  6:51  Overlord  
  119  6:52  Ravager  
  116  6:56  Overlord  
  116  7:00  Roach  
  110  7:04  Drone  
  110  7:05  Roach x2  
  109  7:09  Extractor, Drone  
  109  7:10  Drone x2  
  109  7:11  Extractor  
  109  7:14  Drone x2  
  109  7:15  Drone  
  107  7:16  Extractor  
  107  7:22  Drone x2  
  108  7:24  Spire  
  105  7:35  Drone x3  
  106  7:38  Drone x6  
  112  7:49  Zerg Melee Weapons Level 1  
  112  7:50  Drone  
  113  7:51  Baneling Nest  
  113  7:52  Hatchery, Drone  
  112  8:01  Overlord, Queen  
  114  8:06  Spore Crawler  
  110  8:24  Drone  
  111  8:35  Mutalisk x3  
  111  8:36  Mutalisk x6  
  129  8:44  Extractor, Drone x2  
  129  8:45  Zergling x2, Drone  
  129  8:46  Zergling x8  
  129  8:47  Extractor, Drone  
  129  8:48  Drone  
  137  8:49  Overlord x3  
  137  8:51  Centrifical Hooks  
  137  8:53  Overlord  
  137  8:54  Evolution Chamber  
  136  8:56  Hydralisk Den, Zergling x4  
  137  9:03  Baneling x5  
  137  9:04  Zergling x4, Baneling x2  
  137  9:07  Zergling x2  
  137  9:09  Overlord  
  140  9:11  Overlord  
  140  9:13  Zergling x2  
  140  9:14  Zergling x4  
  140  9:15  Overlord, Zergling x2  
  144  9:17  Zergling x4  
  144  9:21  Drone x3  
  149  9:26  Zergling x6  
  149  9:28  Grooved Spines  
  152  9:31  Overlord  
  152  9:36  Overlord  
  152  9:37  Overlord  
  144  9:39  Overlord  
  144  9:41  Drone  
  144  9:42  Zerg Missile Weapons Level 2  
  144  9:45  Drone x2  
  145  9:48  Lurker Den  
  144  9:53  Drone x3  
  144  9:59  Baneling x7  
  147  10:00  Baneling x5  
  147  10:11  Hatchery  
  146  10:15  Infestation Pit, Zerg Melee Weapons Level 2  
  146  10:16  Hydralisk  
  146  10:17  Zergling x2, Hydralisk  
  150  10:22  Hydralisk x2  
  150  10:24  Hydralisk  
  150  10:26  Hydralisk  
  156  10:28  Hydralisk  
  156  10:32  Hydralisk  
  160  10:36  Hydralisk  
  160  10:38  Hydralisk x2  
  160  10:41  Muscular Augments  
  166  10:43  Hydralisk  
  166  10:47  Overlord  
  168  10:56  Hydralisk x5  
  172  11:14  Lurker x5  
  172  11:15  Lurker x4  
  181  11:24  Extractor, Hydralisk  
  181  11:25  Hydralisk x2  
  181  11:26  Zergling x2  
  186  11:36  Hydralisk x2  
  186  11:37  Overlord x2  
  186  11:39  Overlord  
  190  11:43  Hatchery  
  190  11:44  Lurker x3  
  190  11:46  Lurker  
  192  11:51  Hive  
  192  12:00  Overlord  
  192  12:09  Overlord, Hydralisk x3  
  194  12:17  Extractor  
  194  12:22  Zerg Ground Armor Level 1  
  193  12:24  Overlord  
  193  12:26  Overlord  
  190  12:34  Overlord  
  185  12:41  Overlord  
  185  12:43  Overlord  
  170  12:45  Hydralisk x2  
  170  12:46  Hydralisk  
  170  12:47  Hydralisk x6  
  156  12:51  Hydralisk  
  156  12:52  Hydralisk  
  156  12:54  Lurker  
  156  12:56  Lurker  
  156  12:57  Lurker x3  
  165  13:00  Corruptor  
  165  13:02  Overlord  
  165  13:04  Overlord  
  165  13:05  Drone x3  
  170  13:06  Queen  
  170  13:08  Extractor, Drone x3  
  170  13:10  Adrenal Glands  
  174  13:13  Hydralisk  
  174  13:14  Zergling x2  
  174  13:15  Zergling x2  
  174  13:18  Hydralisk  
  178  13:21  Overseer x2  
  178  13:25  Hydralisk  
  167  13:27  Hydralisk x2  
  167  13:31  Hydralisk x2  
  159  13:35  Hydralisk  
  159  13:37  Hydralisk  
  150  13:41  Corruptor  
  150  13:46  Hydralisk  
  150  13:48  Corruptor  
  139  13:53  Corruptor  
  140  14:00  Corruptor  
  137  14:08  Corruptor  
  136  14:14  Corruptor x2  
  136  14:16  Zergling x2  
  144  14:31  Zergling x2  
Show
View Real Time Build Order
Export as new Build Order

Light Protoss - Winner!

Build Orders: 1 Gate Expand, Oracle Opening, Phoenix Opening, Archon Immortal 

Get SALT Encoding   

  12  0:00  Probe  
  13  0:12  Probe  
  14  0:20  Pylon  
  14  0:24  Probe  
  15  0:34  Probe  
  16  0:43  Probe  
  16  0:44  Gateway  
  16  0:48  Assimilator  
  17  0:54  Probe  
  18  1:06  Probe  
  19  1:18  Probe  
  20  1:28  Nexus  
  20  1:31  Probe  
  21  1:42  Cybernetics Core  
  21  1:46  Probe  
  22  1:52  Pylon  
  22  1:58  Assimilator  
  22  2:00  Probe  
  23  2:08  Probe  
  23  2:10  Adept  
  24  2:17  Probe  
  27  2:24  Stargate  
  27  2:28  Warp Gate  
  27  2:30  Probe  
  28  2:38  Probe  
  28  2:42  Probe  
  28  2:43  Adept  
  32  2:46  Probe  
  33  2:55  Probe  
  33  2:57  Probe  
  35  3:06  Probe  
  35  3:09  Probe, Phoenix  
  37  3:18  Probe  
  38  3:20  Robotics Facility  
  38  3:21  Probe  
  38  3:23  Adept  
  41  3:30  Probe  
  41  3:32  Oracle  
  41  3:33  Probe, Pylon  
  43  3:44  Pylon  
  46  3:48  Pylon  
  46  3:51  Probe  
  48  4:02  Probe  
  48  4:03  Probe  
  48  4:06  Assimilator  
  48  4:07  Observer  
  48  4:08  Assimilator  
  52  4:15  Probe x2  
  52  4:27  Probe x2  
  52  4:29  Immortal  
  58  4:34  Nexus  
  58  4:36  Pylon  
  58  4:39  Pylon, Probe x2  
  60  4:51  Probe  
  62  4:53  Observer  
  62  4:55  Twilight Council  
  62  4:57  Sentry, Forge  
  64  5:01  Gateway  
  64  5:03  Gateway  
  64  5:04  Gateway  
  63  5:07  Probe x2  
  65  5:19  Probe x2  
  67  5:27  Pylon  
  67  5:28  Phoenix  
  69  5:31  Sentry, Probe x2  
  69  5:33  Immortal  
  77  5:43  Probe  
  77  5:45  Probe  
  78  5:50  Probe  
  78  5:54  Probe  
  78  5:55  Protoss Ground Weapons Level 1, Probe  
  78  5:56  Phoenix  
  81  5:58  Probe  
  81  6:00  Charge  
  81  6:02  Probe  
  81  6:04  Probe  
  83  6:07  Probe  
  83  6:08  Templar Archives  
  83  6:10  Probe  
  86  6:12  Probe  
  86  6:16  Probe, Assimilator  
  88  6:20  Immortal  
  88  6:21  Assimilator  
  88  6:22  Probe  
  88  6:24  Probe  
  95  6:28  Probe  
  95  6:29  Robotics Facility  
  95  6:30  Sentry  
  95  6:31  Zealot  
  100  7:04  Probe  
  101  7:10  Probe x2  
  101  7:11  Pylon  
  101  7:14  Pylon  
  101  7:15  Gateway x2  
  99  7:16  Pylon  
  99  7:18  Gateway, Pylon  
  99  7:20  Gateway  
  99  7:22  Gateway  
  99  7:27  Psionic Storm  
  99  7:29  Immortal x2  
  107  7:32  Sentry x2, Zealot  
  113  7:37  Gateway  
  113  7:51  Gateway  
  113  7:54  Gateway  
  113  7:57  Protoss Ground Weapons Level 2  
  113  7:58  Pylon  
  113  8:00  High Templar x3, Pylon  
  113  8:02  Nexus  
  113  8:05  Pylon  
  119  8:07  Pylon  
  119  8:09  Assimilator  
  119  8:11  Assimilator  
  117  8:13  Immortal, Observer  
  117  8:19  Photon Cannon  
  122  8:21  Photon Cannon  
  122  8:22  Photon Cannon  
  122  8:23  Photon Cannon x2  
  122  8:25  Photon Cannon  
  122  8:28  High Templar  
  122  8:30  Photon Cannon  
  124  8:38  High Templar  
  126  8:43  High Templar  
  126  8:46  Shield Battery  
  128  8:50  Photon Cannon  
  128  8:52  Photon Cannon  
  128  8:53  Photon Cannon, High Templar  
  128  8:55  Photon Cannon  
  130  8:57  Photon Cannon  
  130  9:12  Fleet Beacon  
  130  9:16  Stalker x4  
  138  9:25  Stalker x3  
  144  9:35  Archon  
  144  9:36  Archon  
  132  9:41  Stalker  
  132  9:42  Stalker  
  132  9:45  High Templar  
  132  9:50  High Templar  
  136  9:54  Photon Cannon  
  136  9:56  Photon Cannon  
  136  9:57  Shield Battery  
  136  9:58  Photon Cannon  
  136  9:59  Photon Cannon, Shield Battery, High Templar  
  138  10:01  Photon Cannon  
  138  10:03  Pylon  
  138  10:07  Shield Battery, High Templar  
  138  10:09  Shield Battery, Zealot x4  
  138  10:12  Protoss Ground Weapons Level 3  
  148  10:15  Zealot x3  
  146  10:35  Zealot x2  
  146  10:36  Zealot x4  
  146  10:37  High Templar x2  
  146  10:39  High Templar  
  164  10:47  Mothership  
  164  10:49  Tempest  
  162  10:52  Stargate x2  
  164  11:04  Zealot x2  
  172  11:23  Probe x2, Pylon  
  172  11:24  Probe, Tempest  
  172  11:25  Pylon  
  175  11:27  Pylon  
  175  11:28  Pylon  
  175  11:30  Tempest  
  175  11:35  Probe x2  
  179  11:41  Tempest  
  167  11:59  High Templar  
  167  12:01  Zealot x4, Carrier x2  
  181  12:44  Carrier  
  165  12:54  Immortal x2  
  179  13:04  High Templar x2  
  179  13:05  High Templar  
  185  13:07  Zealot x7  
  199  13:16  Carrier  
  180  13:36  Immortal x2  
  175  13:43  Zealot x5  
  175  13:44  Zealot  
  175  13:47  Zealot x2  
  187  14:09  High Templar x2  
  181  14:10  High Templar x2  
  191  14:19  Cybernetics Core  
  191  14:30  Zealot x3  
  191  14:31  Zealot x4  
Tags
 
Add a new tag
Caveats
  • Supply blocks, unpowered buildings, or Contaminate may cause inaccurate times.
  • Supply counts are checked every 10 seconds.